 Dungeon Sprint DCSS version 0.29.1-15-g9cfb28693d (webtiles) character file.

Game seed: 13102292401242006905

11 Ast3rio the Reanimator (level 4, -2/24 HPs)
             Began as a Deep Elf Necromancer on Mar 15, 2023.
             Was an Initiate of Gozag.
             Killed from afar by an acid dragon (25 damage)
             ... with a splash of acid
             ... in the Dungeon (Sprint VI: "Thunderdome").
             The game lasted 00:03:05 (371 turns).

Ast3rio the Reanimator (Deep Elf Necromancer)        Turns: 371, Time: 00:03:05

Health: -2/24      AC:  2    Str:  7    XL:     4   Next: 82%
Magic:  14/14      EV: 13    Int: 20    God:    Gozag
Gold:   353        SH:  0    Dex: 15    Spells: 15/16 levels left

rFire   . . .      SeeInvis .   (no weapon)
rCold   . . .      Faith    .   (no shield)
rNeg    . . .      Spirit   .   a - +0 robe
rPois   .          Reflect  .   (no helmet)
rElec   .          Harm     .   (no cloak)
rCorr   .          Rampage  .   (no gloves)
Will    .....      NoTele   +   (no boots)
Stlth   +++.......              (no amulet)
HPRegen 0.08/turn               (no ring)
MPRegen 0.14/turn               (no ring)

@: no status effects
A: no striking features
a: Renounce Religion, Potion Petition, Call Merchant, Bribe Branch


You were in the Dungeon.
You worshipped Gozag.
Gozag was aware of your devotion.
You visited 1 branch You collected 563 gold pieces.
You spent 210 gold pieces at shops.

Inventory:

Armour
 a - a +0 robe (worn)
Wands
 i - a wand of quicksilver (5)
 j - a wand of iceblast (5)
Scrolls
 g - 4 scrolls of blinking
 k - 3 scrolls of fog
Potions
 b - 3 potions of magic
 c - a potion of curing
 d - 10 potions of heal wounds
 e - 4 potions of haste
 f - a potion of berserk rage
 h - a potion of resistance


   Skills:
 + Level 3.7 Dodging
 + Level 4.0 Stealth
 + Level 6.8 Spellcasting
 + Level 10.3 Necromancy


You had 15 spell levels left.
You knew the following spells:

 Your Spells              Type           Power      Damage    Failure   Level
a - Necrotise             Necr           100%       1d9       1%          1

Your spell library contained the following spells:

 Spells                   Type           Power      Damage    Failure   Level
 Vampiric Draining        Necr           48%        2d9       1%          3
 Agony                    Necr           48%        N/A       3%          5
 Animate Dead             Necr           Unusable   N/A       N/A         4

Dungeon Overview and Level Annotations

Branches:
Dungeon (1/1)

Altars:
Cheibriados
Dithmenos
Fedhas
Gozag
Kikubaaqudgha
Makhleb
Okawaru
Qazlal
Ru
Sif Muna
Trog
Uskayaw
Vehumet
Wu Jian
Xom
Yredelemnul
Zin
The Shining One
Lugonu

Shops:
D *[??*?*:[((!!!!


Message History

Your Necromancy skill gained 2 levels and is now at level 10!
You have reached level 4!
You feel clever.
You now have 333 gold pieces (gained 45).
You start resting. 50...
You start resting.
Magic restored.
You start resting. 20...
You start resting. 15...
You start resting. 10...
You start resting. 5...
A scorpion comes into view.
Casting: Necrotise (safe; 1% risk of failure)
Confirm with . or Enter, or press ? or * to list all spells.
You can't see any susceptible monsters within range! (Use Z to cast anyway.) Unknown command. 4... 3... 2... 1...
There is an entrance to Beblui's Distillery here.
Time's up!
The arena falls silent.
You now have 11 arena points (gained 6).
You now have 353 gold pieces (gained 20).
There is an entrance to Jemiosh's Distillery here.
Get ready!
ROUND 3!
FIGHT!
An acid dragon comes into view.
The acid dragon roars!
The acid dragon spits acid at you. The splash of acid hits you!!
Ouch! That really hurt!
You die...
Your body crumbles into a pile of gold.

##∩.....∩## #∩.......∩#
#_......._# #_......._#
#_......._# ###.........###
#⌠...........⌠#
######.8.........8.######
##.__.D...@.###......___∩##
###∩........8.# #.8........∩#
##.............###............
#⌠..........###...###.........
#⌠..........# #.<.# #.........
#⌠..........###...###.........
##.............###............
###∩........8.# #.8........∩#
##∩_._......###......___∩##


You could see an acid dragon (catching breath).

Vanquished Creatures
  2 scorpions (D)
  An orc (D)
  An endoplasm (D)
  2 giant cockroaches (D)
6 creatures vanquished.

Notes
Turn   | Place    | Note
-------+----------+-------------------------------------------
     0 | D        | Ast3rio the Deep Elf Necromancer began the quest for the
                  | Orb.
     0 | D        | Reached XP level 1. HP: 10/10 MP: 6/6
     3 | D        | Found a stormy altar of Qazlal.
     3 | D        | Found a basalt altar of Yredelemnul.
     4 | D        | Found a hide-covered altar of Uskayaw.
     4 | D        | Found a sacrificial altar of Ru.
     5 | D        | Found a snail-covered altar of Cheibriados.
     5 | D        | Found a shimmering altar of Xom.
     5 | D        | Round 1.
     6 | D        | Found Jemiosh's Distillery.
     6 | D        | Found a blossoming altar of Fedhas.
     6 | D        | Found a corrupted altar of Lugonu.
     6 | D        | Found Mawa's Do-It-Yourself Clinic.
     7 | D        | Found Beblui's Distillery.
     7 | D        | Found Codingeo's Bottled Wisdom.
    11 | D        | Found an opulent altar of Gozag.
    12 | D        | Found a shadowy altar of Dithmenos.
    16 | D        | Found Cukkil's Weapon Rack.
    16 | D        | Found Pykkutz's Basic Armour.
    17 | D        | Found Emekud's Miscellaneous Merchandise.
    20 | D        | Became a worshipper of Gozag Ym Sagoz the Greedy
    21 | D        | Found a shimmering blue altar of Sif Muna.
    21 | D        | Found a glowing silver altar of Zin.
    21 | D        | Found Ydduh's Premium Goods.
    27 | D        | Found an ornate altar of the Wu Jian Council.
    33 | D        | Reached skill level 5 in Necromancy
   104 | D        | Found a burning altar of Makhleb.
   106 | D        | Found Kusos's Staff Store.
   108 | D        | Found Seidealaj's Must-Have Magic.
   108 | D        | Found Ifrony's Magic Scroll Shop.
   109 | D        | Found an ancient bone altar of Kikubaaqudgha.
   109 | D        | Found an iron altar of Okawaru.
   109 | D        | Found Untessepp's Magic Scroll Shop.
   129 | D        | Found a bloodstained altar of Trog.
   131 | D        | Found a radiant altar of Vehumet.
   135 | D        | Found Kily's Jewellery.
   135 | D        | Found Jaiqe's Advanced Armour.
   136 | D        | Found a glowing golden altar of the Shining One.
   136 | D        | Found Kiykuafu's Identification Station.
   144 | D        | Reached skill level 6 in Necromancy
   163 | D        | Arena points: 5 (+5) [x1]
   178 | D        | Round 2.
   200 | D        | Noticed a scorpion
   204 | D        | Killed a scorpion
   205 | D        | Reached skill level 5 in Spellcasting
   205 | D        | Reached skill level 8 in Necromancy
   205 | D        | Reached XP level 2. HP: 6/15 MP: 3/10
   205 | D        | Reached XP level 3. HP: 7/19 MP: 3/12
   232 | D        | Bought 3 potions of heal wounds for 105 gold pieces
   232 | D        | Bought 3 potions of heal wounds for 105 gold pieces
   234 | D        | Noticed a scorpion
   240 | D        | Killed a scorpion
   241 | D        | Reached skill level 10 in Necromancy
   241 | D        | Reached XP level 4. HP: 12/24 MP: 5/14
   338 | D        | Noticed a scorpion
   343 | D        | Arena points: 11 (+6) [x1]
   358 | D        | Round 3.
   368 | D        | Noticed an acid dragon
   371 | D        | Killed from afar by an acid dragon

Illustrated notes

Levels and vault maps discovered:
D:        arena_sprint

Skill      XL: |  1  2  3 |
---------------+----------+-----
Necromancy     | 8 10 | 10.3
Dodging        | 3 |  3.7
Stealth        | 3 4 |  4.0
Spellcasting   | 5 6 |  6.8

Action                   |  1- 3 |  4- 6 || total
-------------------------+-------+-------++-------
Melee: Unarmed           |     1 |       ||     1
 Cast: Necrotise         |    15 |       ||    15
Dodge: Dodged            |     6 |       ||     6
